 Dungeon Crawl Stone Soup version 0.30-a0-341-g682706514a (webtiles) character file.

Game seed: 17439764125045859132

19864 ytrimaz the Fighter (level 13, -5/92 (114) HPs)
             Began as a Formicid Fighter on Nov 1, 2022.
             Was an Elder of Okawaru.
             Slain by an eight-headed hydra (9 damage)
             ... on level 15 of the Dungeon.
             The game lasted 00:16:04 (13506 turns).

ytrimaz the Fighter (Formicid Fighter)             Turns: 13506, Time: 00:16:05

HP:   -5/92 (114)   AC: 13    Str: 27    XL:     13   Next: 7%
MP:   13/13         EV: 14    Int:  7    God:    Okawaru [****..]
Gold: 246           SH:  5    Dex: 13    Spells: 12/12 levels left

rFire   . . .      SeeInvis +    a - +0 war axe (vamp)
rCold   . . .      Faith    .    c - +0 buckler
rNeg    . . .      Spirit   .    b - +0 scale mail
rPois   .          Reflect  .    (helmet unavailable)
rElec   .          Harm     .    q - +0 cloak
rCorr   .          Rampage  .    (no gloves)
Will    +....                    z - +1 pair of boots
Stlth   ..........               y - amulet of regeneration
HPRegen 1.15/turn                e - +4 ring of evasion
MPRegen 0.13/turn                (no ring)

@: heavily drained
A: permanent stasis, dig shafts and tunnels, antennae 3, four strong arms
a: Dig, Shaft Self, Renounce Religion, Heroism, Finesse


You were on level 15 of the Dungeon.
You worshipped Okawaru.
Okawaru was greatly pleased with you.
You visited 3 branches of the dungeon, and saw 15 of its levels.
You also visited: Ice Cave.

You collected 796 gold pieces.
You spent 550 gold pieces at shops.


Innate Abilities, Weirdness & Mutations

You cannot be hasted, slowed, berserked, paralysed or teleported.
You can dig through walls and to a lower floor.
You have a pair of large antennae on your head. (SInv)
Your four strong arms can wield two-handed weapons with a shield.


   Skills:
 + Level 14.4 Fighting
 + Level 13.1 Axes
 - Level 12.0 Armour
 - Level 4.0 Shields


You had 12 spell levels left.
You didn't know any spells.
Your spell library contained the following spells:

 Spells                   Type           Power      Damage    Failure   Level
 Slow                     Hex            0%         N/A       71%         1
 Confusing Touch          Hex            0%         N/A       97%         3
 Ozocubu's Armour         Ice            0%         N/A       97%         3
 Stone Arrow              Conj/Erth      0%         3d7       97%         3
 Vampiric Draining        Necr           0%         2d6       97%         3
 Vhi's Electric Charge    Tloc/Air       0%         N/A       97%         3
 Arcjolt                  Conj/Air       0%         1d10      100%        5
 Iskenderun's Battlesphe  Conj           0%         2d6       100%        5
 Metabolic Englaciation   Hex/Ice        0%         N/A       100%        5
 Iron Shot                Conj/Erth      0%         9d1       100%        6
 Lehudib's Crystal Spear  Conj/Erth      0%         10d2      100%        8
 Maxwell's Capacitive Co  Air            0%         ∞         100%        8
 Summon Small Mammal      Summ           Unusable   N/A       N/A         1
 Call Canine Familiar     Summ           Unusable   N/A       N/A         3
 Summon Guardian Golem    Hex/Summ       Unusable   N/A       N/A         3
 Animate Armour           Summ/Erth      Unusable   N/A       N/A         4
 Simulacrum               Ice/Necr       Unusable   N/A       N/A         6
 Spellforged Servitor     Conj/Summ      Unusable   N/A       N/A         7

Inventory:

Hand Weapons
 a - a +0 vampiric war axe (weapon)
 w - a +1 vorpal battleaxe
   (You found it on level 6 of the Dungeon)
Missiles
 x - a throwing net
Armour
 b - a +0 scale mail (worn)
 c - a +0 buckler (worn)
 q - a +0 cloak (worn)
   (You found it on level 5 of the Dungeon)
 s - +0 steam dragon scales
   (You found it on level 5 of the Dungeon)
 z - a +1 pair of boots (worn)
   (You found it on level 8 of the Dungeon)
Jewellery
 e - a +4 ring of evasion (left hand)
   (You found it on level 2 of the Dungeon)
 h - an amulet of guardian spirit
   (You found it on level 1 of the Dungeon)
 y - an amulet of regeneration (around neck)
   (You found it on level 8 of the Dungeon)
 B - a ring of ice
   (You took it off Fannar on level 10 of the Dungeon)
Wands
 d - a wand of paralysis (3) (quivered)
   (You found it on level 6 of the Dungeon)
 t - a wand of flame (29)
   (You found it on level 6 of the Dungeon)
 A - a wand of digging (6)
   (You took it off a wight on level 9 of the Dungeon)
 F - a wand of quicksilver (4)
   (You found it on level 12 of the Dungeon)
Scrolls
 j - a scroll of enchant weapon
 k - 2 scrolls of poison
 l - a scroll of brand weapon
 n - 2 scrolls of magic mapping
 u - a scroll of silence
 v - 2 scrolls of amnesia
 C - 2 scrolls of enchant armour
 D - a scroll of identify
Potions
 f - 2 potions of flight
 g - a potion of brilliance
 m - 2 potions of curing
 o - a potion of magic
 p - 2 potions of attraction
 r - a potion of cancellation
 E - a potion of resistance

Dungeon Overview and Level Annotations

Branches:
Dungeon (15/15) Zot: 26642  Temple (1/1) D:7 Zot: 5985    Lair (0/5) D:10
 Depths (1/4) D:15 Zot: 5998   IceCv (visited)
    Orc: D:9-12      Vaults: D:13-14

Altars:
Ashenzari
Cheibriados
Dithmenos
Elyvilon
Fedhas
Gozag
Hepliaklqana
Kikubaaqudgha
Makhleb
Nemelex Xobeh
Okawaru
Qazlal
Ru
Sif Muna
Trog
Uskayaw
Vehumet
Wu Jian
Xom
Yredelemnul
Zin
The Shining One

Shops:
D:5 !   D:7 *

Portals:
Abyss: D:7

Annotations:
D:7 2 transporters
D:8 3 runed translucent doors, FizzleBangTC's ghost, novice MeEE

#...#
#..+...
#....
#..#..#
#....
#..#..#
#....
#..#..#
#....
#.....+
#....
#.....#
#####
#.....#
#.....
#.@...#
#...#.
#D###.#
#.....
#u....#
+.....
#.{...###
#.....
#.......#
#...
#.......#
#...
#.....#.#
#.{.
#.....#.#
#.##
#.......#
#...


You could see an eight-headed hydra and a purple ugly thing.


Message History

😮 HP[+1] 😮 HP[+1]
The purple ugly thing attacks as you move away!
You block the purple ugly thing's attack. 😮 HP[+1]
The purple ugly thing attacks as you move away!
The purple ugly thing claws you! 😮 HP[-9]
You take 9 damage, and now have 55/92 hp.
As you read the scroll of fear, it crumbles to dust.
You assume a fearsome visage.
The purple ugly thing easily resists.
You block the purple ugly thing's attack. 😮 HP[+2]
You regained 2 hp, and now have 57/92 hp.
Unknown command. 😮 HP[+1] 😮 HP[+1] 😮 HP[+1] 😮 HP[+1] 😮 HP[+1]
Okay, then.
The purple ugly thing barely misses you. 😮 HP[+1] 😮 HP[+2]
You regained 2 hp, and now have 65/92 hp.
The eight-headed hydra attacks as you move away!
The eight-headed hydra closely misses you.
The eight-headed hydra bites you but does no damage.
The eight-headed hydra misses you.
The eight-headed hydra bites you but does no damage. x2
The eight-headed hydra barely misses you.
The eight-headed hydra bites you. The eight-headed hydra bites you!
The purple ugly thing attacks as you move away!
The purple ugly thing closely misses you. 😮 HP[-9]
You take 9 damage, and now have 56/92 hp.
The eight-headed hydra attacks as you move away!
The eight-headed hydra bites you but does no damage.
The eight-headed hydra barely misses you.
The eight-headed hydra bites you!
The eight-headed hydra bites you but does no damage.
The eight-headed hydra completely misses you.
The eight-headed hydra barely misses you.
The eight-headed hydra closely misses you.
The eight-headed hydra bites you.
* * * LOW HITPOINT WARNING * * *
😨 HP[-13]
You take 13 damage, and now have 43/92 hp. 😨 HP[+1]
The eight-headed hydra attacks as you move away!
The eight-headed hydra barely misses you.
The eight-headed hydra closely misses you.
The eight-headed hydra bites you.
* * * LOW HITPOINT WARNING * * *
The eight-headed hydra bites you.
* * * LOW HITPOINT WARNING * * *
The eight-headed hydra bites you!
* * * LOW HITPOINT WARNING * * *
The eight-headed hydra misses you.
The eight-headed hydra barely misses you.
The eight-headed hydra bites you!
* * * LOW HITPOINT WARNING * * *
Unknown command. 😱 HP[-23]
You take 23 damage, and now have 21/92 hp.
MASSIVE DAMAGE!! (PAUSE)
You feel better.
The eight-headed hydra bites you but does no damage.
The eight-headed hydra closely misses you.
The eight-headed hydra bites you.
* * * LOW HITPOINT WARNING * * *
The eight-headed hydra bites you.
* * * LOW HITPOINT WARNING * * *
The eight-headed hydra bites you.
* * * LOW HITPOINT WARNING * * *
The eight-headed hydra bites you but does no damage.
The eight-headed hydra bites you.
* * * LOW HITPOINT WARNING * * *
The eight-headed hydra bites you.
* * * LOW HITPOINT WARNING * * *
The purple ugly thing completely misses you. 😱 HP[-10]
You take 10 damage, and now have 11/92 hp.
Unknown command.
Unknown command.
The purple ugly thing attacks as you move away!
The purple ugly thing claws you!
* * * LOW HITPOINT WARNING * * *
😱 HP[-6]
You take 6 damage, and now have 5/92 hp.
Unknown command.
You feel better. The eight-headed hydra bites you.
* * * LOW HITPOINT WARNING * * *
The eight-headed hydra bites you.
* * * LOW HITPOINT WARNING * * *
The eight-headed hydra bites you but does no damage.
The eight-headed hydra bites you.
* * * LOW HITPOINT WARNING * * *
The eight-headed hydra bites you!
You die...

Skill      XL: |  1  2  3  4  5  6  7  8  9 10 11 12 |
---------------+-------------------------------------+-----
Fighting       | 4 5 6 7 8 10 11 12 14 | 14.4
Axes           | 3 4 5 6 7 9 10 11 13 | 13.1
Armour         | 11 12 | 12.0
Shields        | |  4.0

Action                   |  1- 3 |  4- 6 |  7- 9 | 10-12 | 13-15 || total
-------------------------+-------+-------+-------+-------+-------++-------
Melee: War axe           |   137 |    73 |   318 |   602 |    24 ||  1154
Throw: Throwing net      |       |       |     1 |       |       ||     1
Invok: Heroism           |       |       |       |     8 |     2 ||    10
 Abil: Dig               |       |     1 |       |       |     3 ||     4
Evoke: Wand              |       |       |       |    11 |       ||    11
  Use: Scroll            |     5 |     4 |     5 |     9 |     5 ||    28
       Potion            |       |     1 |     6 |     6 |     3 ||    16
 Stab: Invisible         |       |       |     8 |     3 |       ||    11
       Paralysed         |       |       |       |    14 |       ||    14
Armor: Scale mail        |    53 |    40 |    95 |   196 |    24 ||   408
Dodge: Dodged            |    65 |    85 |   211 |   423 |    45 ||   829
Block: Buckler           |    45 |    24 |    69 |   166 |    10 ||   314

Levels and vault maps discovered:
D:1:      psy_arrival_statuary, layout_basic
D:2:      minmay_kobold_bridge, layout_basic, basic_altar,
          palyth_stone_intersect, hex_medium
D:3:      layout_basic
D:4:      layout_rooms, led_xom_imps, minmay_statues_item
D:5:      minmay_chambers_of_fours, layout_basic, serial_shops,
          nicolae_stop_n_shop_1, minivault_4
D:6:      layout_loops_ring, nzn_random_ring, uniq_edmund, uniq_duvessa
D:7:      layout_basic, minmay_temple_entry_sparse_star,
          gammafunk_ghost_abyssal_escape, nicolae_shop_gadgets,
          uniq_prince_ribbit1
D:8:      layout_loops_ring, lemuel_round_altar, kiku_gazebo_garden_becter,
          gammafunk_ghost_hydra_chop
D:9:      layout_long_grid, mainiacjoe_overflow_big_doors
D:10:     layout_rooms, erik_lair_orcish_takeover, moated_statue, uniq_fannar,
          uniq_maggie
D:11:     layout_layer_cave, portal_ice_cave_entry_imps
D:12:     layout_rooms, erik_orc_2
D:15:     hangedman_depths_entry_try_elsewhere_first, layout_stronghold,
          chequers_serial_rivers_small_3, uniq_louise
Temple:   sentei_temple_godly_chess
Depths:1: layout_cave_pools, hell_entry, dk_noncrumbling_2, minmay_crystal_box

Notes
Turn   | Place    | Note
-------+----------+-------------------------------------------
     0 | D:1      | ytrimaz the Formicid Fighter began the quest for the Orb.
     0 | D:1      | Reached XP level 1. HP: 18/18 MP: 1/1
     0 | D:1      | magus.rc [v1.9.6]
   219 | D:1      | Reached XP level 2. HP: 18/24 MP: 0/2
   413 | D:1      | You pick up a book of Callings and begin reading...
   413 | D:1      | You add the spells Summon Small Mammal, Call Canine
                  | Familiar and Summon Guardian Golem to your library.
   932 | D:1      | Reached XP level 3. HP: 30/30 MP: 1/3
  1110 | D:2      | Found an opulent altar of Gozag.
  1166 | D:2      | Reached skill level 4 in Fighting
  1581 | D:2      | Reached skill level 3 in Axes
  2034 | D:3      | Reached XP level 4. HP: 33/37 MP: 4/4
  2438 | D:3      | Identified the +0 robe of Amorality {Will+ Str+3 Int+5
                  | Dex-3}
  2954 | D:4      | Reached XP level 5. HP: 41/43 MP: 3/5
  2962 | D:4      | Reached skill level 5 in Fighting
  2962 | D:4      | Reached skill level 4 in Axes
  2963 | D:4      | HP: 10/44 [hobgoblin/+0 glaive (6)]
  3161 | D:4      | Noticed a phantom
  3167 | D:4      | Killed a phantom
  3168 | D:4      | Reached XP level 6. HP: 46/51 MP: 4/6
  3263 | D:4      | Noticed a black bear
  3272 | D:4      | Killed a black bear
  3273 | D:4      | Reached skill level 6 in Fighting
  3273 | D:4      | Reached skill level 5 in Axes
  3273 | D:4      | Reached XP level 7. HP: 52/58 MP: 7/7
  3457 | D:4      | You pick up a book of Winter and begin reading...
  3457 | D:4      | You add the spells Ozocubu's Armour, Metabolic Englaciation
                  | and Simulacrum to your library.
  3519 | D:4      | Found a shimmering altar of Xom.
  3980 | D:5      | Entered Level 5 of the Dungeon
  4075 | D:5      | HP: 10/59 [white imp/puff of frost (9)]
  4076 | D:5      | HP: 1/59 [white imp/puff of frost (9)]
  4088 | D:5      | Reached skill level 7 in Fighting
  4274 | D:5      | Reached skill level 6 in Axes
  4277 | D:5      | Reached XP level 8. HP: 43/67 MP: 5/8
  5105 | D:5      | Reached skill level 8 in Fighting
  5105 | D:5      | Reached skill level 7 in Axes
  5166 | D:5      | Found Pitseiba's Distillery.
  5195 | D:5      | HP: 17/69 [steam dragon] (9)]
  5445 | D:5      | Reached XP level 9. HP: 75/75 MP: 9/9
  5472 | D:5      | Reached skill level 9 in Fighting
  5747 | D:6      | Reached skill level 8 in Axes
  5756 | D:6      | HP: 19/77 [something (5)]
  5766 | D:6      | HP: 16/77 [black bear (6)]
  5768 | D:6      | HP: 7/77 [black bear (3)]
  5772 | D:6      | HP: 3/77 [iguana (6)]
  5780 | D:6      | HP: 19/77 [iguana (5)]
  6339 | D:6      | Noticed Edmund
  6358 | D:6      | Killed Edmund
  6359 | D:6      | Reached skill level 10 in Fighting
  6389 | D:6      | Reached skill level 9 in Axes
  6625 | D:6      | Reached XP level 10. HP: 30/86 MP: 5/10
  6901 | D:6      | Reached skill level 11 in Fighting
  7117 | D:6      | Reached skill level 10 in Axes
  7146 | D:6      | You add the spells Vhi's Electric Charge, Arcjolt and
                  | Maxwell's Capacitive Coupling to your library.
  7284 | D:6      | Noticed Duvessa
  7284 | D:6      | Noticed Dowan
  7290 | D:6      | Killed Dowan
  7305 | D:6      | HP: 17/88 [Duvessa/+0 rapier (8)]
  7310 | D:6      | HP: 17/88 [Duvessa/+0 rapier (7)]
  7311 | D:6      | Killed Duvessa
  8051 | D:7      | Found a staircase to the Ecumenical Temple.
  8231 | D:7      | Noticed an ice devil
  8279 | D:7      | Noticed Prince Ribbit
  8291 | D:7      | Killed Prince Ribbit
  8314 | Temple   | Entered the Ecumenical Temple
  8325 | Temple   | Became a worshipper of Warmaster Okawaru
  8388 | D:5      | Bought a potion of experience for 550 gold pieces
  8393 | D:6      | Reached skill level 11 in Armour
  8393 | D:6      | Reached XP level 11. HP: 95/95 MP: 11/11
  8441 | D:7      | Found a transporter.
  8449 | D:7      | Found a transporter.
  8633 | D:7      | Found Durghur's Gadget Gallery.
  8684 | D:7      | Found a one-way gate to the infinite horrors of the Abyss.
  8933 | D:8      | Found an ancient bone altar of Kikubaaqudgha.
  8964 | D:8      | Noticed a boulder beetle
  9002 | D:8      | Killed a boulder beetle
  9223 | D:8      | Found a glowing golden altar of the Shining One.
  9333 | D:8      | Reached * piety under Okawaru
  9334 | D:8      | Reached skill level 12 in Fighting
  9570 | D:8      | Found a runed translucent gate.
  9571 | D:8      | Noticed an 11-headed hydra
  9583 | D:8      | Found a runed translucent gate.
  9583 | D:8      | Noticed FizzleBangTC's ghost (novice MeEE)
  9584 | D:8      | Found a runed translucent gate.
 10072 | D:9      | Reached skill level 11 in Axes
 10464 | D:9      | Reached skill level 12 in Armour
 10507 | D:9      | You pick up a book of Power and begin reading...
 10507 | D:9      | You add the spells Iskenderun's Battlesphere and Iron Shot
                  | to your library.
 10643 | D:9      | Reached ** piety under Okawaru
 10712 | D:9      | Noticed a two-headed ogre
 10722 | D:9      | Killed a two-headed ogre
 10723 | D:9      | Reached XP level 12. HP: 70/103 MP: 5/12
 10817 | D:9      | Found a bloodstained altar of Trog.
 10826 | D:9      | Found an ornate altar of the Wu Jian Council.
 11057 | D:10     | Entered Level 10 of the Dungeon
 11086 | D:10     | You pick up a book of Armaments and begin reading...
 11086 | D:10     | You add the spells Stone Arrow and Lehudib's Crystal Spear
                  | to your library.
 11159 | D:10     | Noticed a two-headed ogre
 11167 | D:10     | Noticed Maggie
 11178 | D:10     | Killed a two-headed ogre
 11194 | D:10     | Reached skill level 13 in Fighting
 11195 | D:10     | Killed Maggie
 11197 | D:10     | Found a staircase to the Lair.
 11212 | D:10     | Reached *** piety under Okawaru
 11467 | D:10     | Reached skill level 12 in Axes
 11557 | D:10     | Noticed Fannar
 11590 | D:10     | Killed Fannar
 11708 | D:11     | You pick up a book of Debilitation and begin reading...
 11708 | D:11     | You add the spells Slow, Vampiric Draining and Confusing
                  | Touch to your library.
 11731 | D:11     | Found a frozen archway.
 11775 | IceCv    | Entered an ice cave
 12678 | D:11     | Noticed a boulder beetle
 12735 | D:11     | Killed a boulder beetle
 13058 | D:12     | Noticed a two-headed ogre
 13071 | D:12     | Killed a two-headed ogre
 13071 | D:12     | Reached **** piety under Okawaru
 13080 | D:12     | Reached skill level 14 in Fighting
 13122 | D:12     | Noticed a centaur warrior
 13135 | D:12     | Killed a centaur warrior
 13136 | D:12     | Reached skill level 13 in Axes
 13136 | D:12     | Reached XP level 13. HP: 83/113 MP: 13/13
 13143 | D:12     | You fall into a shaft and drop 3 floors!
 13143 | D:15     | Entered Level 15 of the Dungeon
 13168 | D:15     | HP: 28/113 [manticore (4)]
 13405 | D:15     | Found a staircase to the Depths.
 13405 | D:15     | Noticed a dire elephant
 13426 | D:15     | Noticed an eight-headed hydra
 13443 | Depths:1 | Entered Level 1 of the Depths
 13455 | D:15     | HP: 21/92 [barbs]
 13503 | D:15     | HP: 20/92 [eight-headed hydra (10)]
 13505 | D:15     | HP: 4/92 [purple ugly thing (7)]
 13506 | D:15     | Slain by an eight-headed hydra

Vanquished Creatures
  Fannar (D:10)
  A centaur warrior (D:12)
  3 two-headed ogres
  2 boulder beetles
  2 manticores
  Maggie (D:10)
  A komodo dragon (D:10)
  An unseen horror (D:10)
  3 trolls
  Prince Ribbit (D:7)
  A hornet (D:8)
  4 slime creatures
  A centaur simulacrum (D:15)
  A shadow (D:11)
  4 wyverns
  7 yaks
  A water elemental (D:12)
  4 steam dragons
  3 wargs (D:10)
  Edmund (D:6)
  A water moccasin (D:9)
  Duvessa (D:6)
  3 orc warriors
  3 sky beasts
  4 black bears
  4 ogres
  2 centaurs
  2 phantoms
  A slime creature simulacrum (IceCv)
  2 kobold brigands
  4 bullfrogs
  A glowing shapeshifter simulacrum (IceCv)
  A necrophage (D:7)
  3 scorpions
  4 wights
  Dowan (D:6)
  9 killer bees
  7 howler monkeys
  4 crimson imps (D:4)
  8 hounds
  A jelly (D:5)
  13 orc priests
  3 gnoll boudas
  4 iguanas
  18 orc wizards
  A shapeshifter simulacrum (IceCv)
  16 gnolls
  10 adders
  2 shadow imps (D:6)
  15 white imps
  2 ufetubi
  A worm (D:4)
  2 dart slugs (D:5)
  38 orcs
  9 bats
  9 endoplasms
  A giant cockroach (D:2)
  5 goblins
  9 hobgoblins
  4 jackals (D:3)
  20 kobolds
  6 quokkas
  2 ball pythons
  A frilled lizard (D:1)
  4 rats
304 creatures vanquished.

Vanquished Creatures (others)
  An adder (D:5)
  5 plants (D:8)
6 creatures vanquished.

Grand Total: 310 creatures vanquished

Table legend:
 A = Non-vault XP
 B = Vault XP
 C = Vault XP percentage of total XP
 D = Non-vault monster count
 E = Vault monster count
 F = Vault count percentage of total count
                 A         B        C        D         E       F
            +---------+---------+-------+---------+---------+-------
      Total |   17625 |    4917 |  21.8 |     244 |      61 |  20.0
            +---------+---------+-------+---------+---------+-------
        D:1 |      29 |       0 |   0.0 |      20 |       0 |   0.0
        D:2 |      29 |       3 |   9.4 |      17 |       2 |  10.5
        D:3 |      60 |       0 |   0.0 |      17 |       0 |   0.0
        D:4 |     469 |     198 |  29.7 |      25 |       4 |  13.8
        D:5 |    1142 |     269 |  19.1 |      30 |       6 |  16.7
        D:6 |     927 |    1771 |  65.6 |      25 |      21 |  45.7
        D:7 |     998 |     283 |  22.1 |      26 |       1 |   3.7
        D:8 |    2334 |       0 |   0.0 |      24 |       0 |   0.0
        D:9 |    1996 |       0 |   0.0 |      20 |       0 |   0.0
       D:10 |    2991 |    1879 |  38.6 |      12 |      10 |  45.5
       D:11 |    2325 |     123 |   5.0 |      15 |      12 |  44.4
       D:12 |    3300 |     170 |   4.9 |      10 |       2 |  16.7
       D:15 |    1025 |       0 |   0.0 |       3 |       0 |   0.0
      IceCv |       0 |     221 | 100.0 |       0 |       3 | 100.0
            +---------+---------+-------+---------+---------+-------

Illustrated notes

Table legend:
 A = Kills in this place as a percentage of kills in entire the game.
 B = Kills by you in this place as a percentage of kills by you in the entire game.
 C = Kills by friends in this place as a percentage of kills by friends in the entire game.
 D = Other kills in this place as a percentage of other kills in the entire game.
 E = Experience gained in this place as a percentage of experience gained in the entire game.
 F = Experience gained in this place divided by the number of levels of this place that you have seen.
                   A       B       C       D       E      F
               +-------+-------+-------+-------+-------+----------------------
         Total | 100.0 | 100.0 |   N/A | 100.0 | 100.0 | 1408.9
       Dungeon |  99.0 |  99.0 |   N/A | 100.0 |  99.0 | 1717.0
      Ice Cave |   1.0 |   1.0 |   N/A |   0.0 |   1.0 | 221.0
               +-------+-------+-------+-------+-------+----------------------

Table legend: (Time is in decaauts)
 A = Elapsed time spent in this place.
 B = Non-inter-level travel time spent in this place.
 C = Inter-level travel time spent in this place.
 D = Time resting spent in this place.
 E = Time spent auto-exploring this place.
 F = Levels seen in this place.
 G = Mean time per level.
                   A        B        C        D        E       F      G
               +--------+--------+--------+--------+--------+-----+--------+
         Total |  13602 |  13235 |    367 |    672 |   9945 |  16 |  850.1 |
       Dungeon |  13382 |  13018 |    364 |    512 |   9937 |  13 | 1029.4 |
        Temple |     14 |     11 |      3 |      0 |      0 |   1 |   14.0 |
        Depths |      1 |      1 |      0 |      0 |      0 |   1 |    1.0 |
      Ice Cave |    202 |    202 |      0 |    160 |      8 |   1 |  202.0 |
               +--------+--------+--------+--------+--------+-----+--------+

Top non-repeatable levels by time:
     D:6: 2312 daAuts
     D:5: 1646 daAuts
     D:8: 1342 daAuts
     D:4: 1137 daAuts
     D:1: 1134 daAuts
    D:11: 1130 daAuts
     D:9: 1003 daAuts
     D:3: 961 daAuts
     D:2: 921 daAuts
     D:7: 717 daAuts
    D:10: 581 daAuts
    D:15: 356 daAuts
   IceCv: 202 daAuts
    D:12: 137 daAuts
  Temple: 14 daAuts
